Cogmind - Beta 14 @@@ ROGUE MODE // 2024.08.28 @ 17:54:41 Player: Knucke Result: Destroyed by S-27 Virus with Autogun Performance ------------- Evolutions (3) 1500 Regions Visited (5) 1000 Robots Destroyed (32) 160 Value Destroyed (670) 670 Prototype IDs (1) 20 Alien Tech Used (0) 0 Bonus (0) 0 TOTAL SCORE: 3350 Bonus ------- None Cogmind --------- Core Integrity 0/700 Matter 35/300 Energy 100/100 System Corruption 0% Temperature Cool (0) Movement Walking (120) Location -7/Storage Parts ------- > --- POWER (2) -------- (None) > --- PROPULSION (5) --- Improved Aluminum Leg > --- UTILITY (4) ------ (None) > --- WEAPON (2) ------- (None) > --- INVENTORY (5) ---- Improved Weapon Shielding Hacking Suite Pulse Rifle Grenade Launcher Datajack Peak State ------------ > --- POWER ------------ Backup Power I Light Deuterium Engine > --- PROPULSION ------- Improved Flight Unit Improved Flight Unit Improved Flight Unit Improved Flight Unit > --- UTILITY ---------- Small Storage Unit ECM Suite Reaction Control System > --- WEAPON ----------- Mini Grenade Launcher Mini Grenade Launcher > --- INVENTORY -------- Light Ion Engine Improved Flight Unit Structural Scanner Improved Weapon Shielding Grenade Launcher Grenade Launcher [Rating: 26] Favorites ----------- Power Ion Engine Engine Ion Engine Propulsion Light Treads Treads Light Treads Leg Aluminum Leg Wheel Wheel Flight Unit Improved Flight Unit Utility Large Storage Unit Device Sensor Array Storage Large Storage Unit Protection Backup Plating I Weapon Assault Rifle Ballistic Gun Assault Rifle Ballistic Cannon Improved Light Cannon Launcher Mini Grenade Launcher Build | -11 -10 -9 -8 -7 -7 ------- Run | Yrd Mat Mat Mat Fac Sto Slots Evolved 6 | . . 2 2 2 . Power 1 | . . . . 1 . Propulsion 3 | . . 1 2 . . Utility 2 | . . 1 . 1 . Weapon . | . . . . . . Parts Attached 54 | 7 15 22 6 2 2 Power 11 | 1 2 4 2 1 1 Engine 11 | 1 2 4 2 1 1 Core . | . . . . . . Reactor . | . . . . . . Propulsion 17 | 2 1 10 2 1 1 Treads 4 | 2 1 1 . . . Leg 3 | . . 2 . . 1 Wheel 2 | . . 2 . . . Hover . | . . . . . . Flight 8 | . . 5 2 1 . Utility 17 | 2 9 4 2 . . Device 13 | 1 8 2 2 . . Storage 3 | 1 1 1 . . . Processor . | . . . . . . Hackware . | . . . . . . Protection 1 | . . 1 . . . Artifact . | . . . . . . Weapon 9 | 2 3 4 . . . Energy Gun . | . . . . . . Energy Cannon . | . . . . . . Ballistic Gun 4 | 2 1 1 . . . Ballistic Cannon 3 | . 2 1 . . . Launcher 2 | . . 2 . . . Special Weapon . | . . . . . . Impact Weapon . | . . . . . . Slashing Weapon . | . . . . . . Piercing Weapon . | . . . . . . Special Melee Weapon . | . . . . . . Unidentified Prototypes 1 | . . 1 . . . Parts Lost 26 | . . 10 4 3 9 Power 7 | . . 2 1 1 3 Propulsion 10 | . . 4 1 2 3 Utility 6 | . . 2 2 . 2 Weapon 3 | . . 2 . . 1 Highest Loss Streak 10 | . . 10 4 2 8 To Critical Strikes . | . . . . . . Average Slot Usage (%) 89 | . 100 85 90 79 40 Engine 12 | . 14 10 9 13 6 Treads 19 | . 28 12 . . . Leg 1 | . . 4 . . . Flight 6 | . . 7 40 27 15 Device 12 | . 14 11 9 15 6 Storage 11 | . 14 11 9 7 3 Protection 1 | . . 5 4 . . Ballistic Gun 14 | . 23 4 . . . Ballistic Cannon 5 | . 4 13 . . . Launcher 2 | . . 1 18 15 7 Peak Build Rating 26 | 9 12 19 24 26 21 Average Rating 10 | 7 8 12 22 22 11 On Entrance 14 | . 9 12 19 24 21 Naked Turns 14 | . . . . . 14 Heaviest Build 37 | 13 36 37 15 16 12 Greatest Support 60 | 40 40 60 30 20 15 Greatest Overweight (x) 2 | . . 2 . . 1 Average Overweight (x) . | . . . . . . Largest Inventory Capacity 15 | 8 15 15 8 8 8 Average Capacity 12 | 7 14 12 8 8 6 Most Carried 15 | 7 15 14 7 7 8 Average Carried 10 | 4 12 10 5 5 6 Final Capacity 15 | 8 15 8 8 8 5 Final Carried 15 | 7 15 8 6 7 5 Class Distribution -------------------- 86% | Mutant 13% | Sprinter Dominant Class ---------------- Mutant | -10/Materials Mutant | -9/Materials Sprinter | -8/Materials Sprinter | -7/Factory Mutant | -7/Storage Resources | -11 -10 -9 -8 -7 -7 ----------- Run | Yrd Mat Mat Mat Fac Sto Matter Collected 1072 | 312 312 348 100 . . Remotely . | . . . . . . Salvage Created 828 | 170 333 146 179 . . Parts 62 | 9 22 14 17 . . Haulers Intercepted 2 | . 1 . 1 . . Recyclers Shooed . | . . . . . . Parts Field Recycled . | . . . . . . Retrieved Matter . | . . . . . . Parts Self-Destructed . | . . . . . . Prevented . | . . . . . . Kills | -11 -10 -9 -8 -7 -7 ------- Run | Yrd Mat Mat Mat Fac Sto Combat Hostiles Destroyed 17 | . 5 5 6 1 . Guns 7 | . 5 2 . . . Cannons 3 | . . 3 . . . AOE 7 | . . . 6 1 . Classes Destroyed 10 | 3 5 1 1 . . Worker 3 | 1 . 2 . . . Builder 2 | . 1 . 1 . . Tunneler 2 | 2 . . . . . Hauler 2 | . 1 . 1 . . Recycler 3 | 1 2 . . . . Watcher 3 | . 2 . 1 . . Swarmer 6 | . 4 . 2 . . Grunt 6 | . 1 3 2 . . Sentry 4 | . . 2 1 1 . Hunter 1 | . . . 1 . . Best Kill Streak 9 | 3 3 4 9 1 . Combat Bots Only 6 | . 2 4 6 1 . Max Kills in Single Turn 4 | 1 2 1 4 1 . Gunslinging . | . . . . . . Exploded 2 | . . . 2 1 . Melee . | . . . . . . Uniques/NPCs Destroyed . | . . . . . . Combat | -11 -10 -9 -8 -7 -7 -------- Run | Yrd Mat Mat Mat Fac Sto Hostile Shots Fired 518 | . 11 134 46 66 261 Missed 233 | . 3 25 21 34 150 Damage Taken 3172 | . 168 1316 393 270 1025 Core 1115 | . 9 324 80 73 629 Absorbed by Shields . | . . . . . . Core Remaining (%) 75 | 100 96 19 85 . . Volleys Fired 86 | 7 26 39 8 6 . Largest 2 | 2 2 2 2 2 . Hottest 78 | 40 78 78 60 60 . Shots Fired 154 | 14 52 60 16 12 . Gun 72 | 14 46 12 . . . Cannon 54 | . 6 48 . . . Launcher 28 | . . . 16 12 . Special . | . . . . . . Kinetic 126 | 14 52 60 . . . Thermal . | . . . . . . Explosive 28 | . . . 16 12 . Electromagnetic . | . . . . . . Robot Hit Streak 17 | 7 9 17 9 10 . Robot Miss Streak 6 | 2 3 6 2 1 . Penetration Max . | . . . . . . Secondary Targets . | . . . . . . Shots Hit Robots 80 | 8 29 24 10 9 . Core Hits 48 | 5 13 9 15 6 . Critical Kills . | . . . . . . Critical Parts Destroyed 1 | . 1 . . . . Critical Strikes 3 | . 2 1 . . . Destroy 1 | . 1 . . . . Blast 2 | . 1 1 . . . Melee Attacks . | . . . . . . Impact . | . . . . . . Slashing . | . . . . . . Piercing . | . . . . . . Sneak Attacks . | . . . . . . Combat Hostiles . | . . . . . . Follow-up Attacks . | . . . . . . Damage Inflicted 2106 | 108 472 538 784 204 . Guns 513 | 108 322 83 . . . Cannons 547 | . 92 455 . . . Explosions 1046 | . 58 . 784 204 . Melee . | . . . . . . Ramming . | . . . . . . Kinetic 1060 | 108 414 538 . . . Thermal . | . . . . . . Explosive 1046 | . 58 . 784 204 . Electromagnetic . | . . . . . . Impact . | . . . . . . Slashing . | . . . . . . Piercing . | . . . . . . Highest Corruption 2 | . 1 2 . . . Average Corruption 1 | . 1 2 . . . Corruption Purged . | . . . . . . Corruption Blocked . | . . . . . . Effects 4 | . 4 . . . . Message Errors 2 | . 2 . . . . Matter Fused 1 | . 1 . . . . Heat Flow Errors 1 | . 1 . . . . Overload Shots . | . . . . . . Overflow Damage 18 | . 18 . . . . Projectiles 18 | . 18 . . . . Explosions . | . . . . . . Melee . | . . . . . . Knockbacks 1 | . 1 . . . . Impact . | . . . . . . Kinetic 1 | . 1 . . . . Secondary . | . . . . . . Self-Inflicted Damage 119 | . 107 . 12 . . Shots 2 | . 1 . 1 . . Rammed . | . . . . . . Targets Rammed . | . . . . . . Kicked . | . . . . . . Crushed . | . . . . . . Highest Temperature 407 | . 83 407 71 40 2 Average Temperature 170 | . 27 277 36 20 2 Received Heat Transfer 1173 | . . 672 135 93 273 Effects 5 | . . 5 . . . Shutdowns 2 | . . 2 . . . Interference 2 | . . 2 . . . Damage (minor) 1 | . . 1 . . . Siege Activations . | . . . . . . Robots Corrupted . | . . . . . . Combat Hostiles . | . . . . . . Parts Fried . | . . . . . . Impact Corruptions . | . . . . . . Robots Melted . | . . . . . . Combat Hostiles . | . . . . . . Parts Melted . | . . . . . . Heat Transferred . | . . . . . . Parts Sabotaged . | . . . . . . Parts Stolen . | . . . . . . Parts Stripped . | . . . . . . Power Chain Reactions . | . . . . . . Alert | -11 -10 -9 -8 -7 -7 ------- Run | Yrd Mat Mat Mat Fac Sto Peak Influence 478 | 20 170 147 314 227 478 Initial 142 | . 13 22 25 142 102 Average 76 | 9 57 41 165 202 233 Maximum Alert Level 2 | . . . 1 1 2 Low Security (%) 90 | 100 100 100 46 32 56 Level 1 8 | . . . 53 67 28 Level 2 1 | . . . . . 15 Level 3 . | . . . . . . Level 4 . | . . . . . . Level 5 . | . . . . . . High Security . | . . . . . . Max Security . | . . . . . . Squads Dispatched 9 | . 1 3 1 2 2 Investigation 5 | . 1 2 . 1 1 Extermination . | . . . . . . Reinforcement 4 | . . 1 1 1 1 Assault . | . . . . . . Garrison . | . . . . . . Intercept . | . . . . . . Searches Triggered . | . . . . . . Construction Impeded . | . . . . . . Haulers Reinforced . | . . . . . . Active Scanning Responses . | . . . . . . Cargo Convoy Interrupts . | . . . . . . Stealth | -11 -10 -9 -8 -7 -7 --------- Run | Yrd Mat Mat Mat Fac Sto Distress Signals 7 | . 1 2 3 . 1 Communications Jammed . | . . . . . . Distress Signals . | . . . . . . Times Spotted 89 | . 11 15 17 10 36 Peak Tracking Total 20 | . 3 6 14 8 20 Tactical Retreats 13 | . 1 3 1 1 7 Traps | -11 -10 -9 -8 -7 -7 ------- Run | Yrd Mat Mat Mat Fac Sto Traps Triggered 4 | . 1 2 . . 1 Indirectly . | . . . . . . Trap Hack Attempts . | . . . . . . Triggered . | . . . . . . Disarmed 2 | . 2 . . . . Reprogrammed . | . . . . . . Reused . | . . . . . . Traps Extracted . | . . . . . . Installed . | . . . . . . Triggered . | . . . . . . Machines | -11 -10 -9 -8 -7 -7 ---------- Run | Yrd Mat Mat Mat Fac Sto Machines Disabled 3 | . 2 . 1 . . Max in Single Turn 2 | . 2 . 1 . . Machines Repaired . | . . . . . . Machines Dismantled . | . . . . . . Machines Sabotaged . | . . . . . . Overloaded Fab Kills . | . . . . . . Hacking | -11 -10 -9 -8 -7 -7 --------- Run | Yrd Mat Mat Mat Fac Sto Machines Accessed 17 | . 6 4 1 4 2 Terminals 13 | . 4 4 1 2 2 Fabricators . | . . . . . . Repair Stations 1 | . . . . 1 . Recycling Units 2 | . 2 . . . . Scanalyzers 1 | . . . . 1 . Garrison Access . | . . . . . . Total Hacks 39 | . 13 10 2 11 3 Successful 25 | . 9 5 2 8 1 Failed 14 | . 4 5 . 3 2 Catastrophic 2 | . 1 1 . . . Database Lockouts . | . . . . . . Manual 1 | . 1 . . . . Terminals 23 | . 6 10 2 2 3 Fabricators . | . . . . . . Repair Stations 5 | . . . . 5 . Recycling Units 7 | . 7 . . . . Scanalyzers 4 | . . . . 4 . Garrison Access . | . . . . . . Terminal Hacks 14 | . 4 5 2 2 1 Open DSF 1 | . . . . 1 . Branch Access Points 1 | . . . . . 1 Emergency Access Points 3 | . . 1 1 1 . Terminal Index 1 | . . 1 . . . Alert Level 1 | . 1 . . . . Locate Traps 2 | . 1 . 1 . . Disarm Traps 1 | . 1 . . . . Dispatch Records 1 | . . 1 . . . Recall Reinforcements 1 | . . 1 . . . Zone Layout 2 | . 1 1 . . . Fabricator Hacks . | . . . . . . Repair Station Hacks 2 | . . . . 2 . Scan Component 1 | . . . . 1 . Refit 1 | . . . . 1 . Recycling Unit Hacks 5 | . 5 . . . . Process 2 | . 2 . . . . Report Inventory 3 | . 3 . . . . Scanalyzer 4 | . . . . 4 . Insert Component 2 | . . . . 2 . Analyze 2 | . . . . 2 . Garrison Access Hacks . | . . . . . . Unauthorized Hacks . | . . . . . . Terminals . | . . . . . . Fabricators . | . . . . . . Repair Stations . | . . . . . . Recycling Units . | . . . . . . Scanalyzers . | . . . . . . Garrison Access . | . . . . . . Data Cores Recovered . | . . . . . . Used . | . . . . . . Hacking Detections 8 | . 2 2 1 2 1 Full Trace Events 5 | . 2 1 . 1 1 Feedback Events . | . . . . . . Feedback Blocked . | . . . . . . Robot Schematics Acquired . | . . . . . . Robots Built . | . . . . . . Authchips . | . . . . . . Time . | . . . . . . Total Robot Build Rating . | . . . . . . Part Schematics Acquired 2 | . . . . 2 . Parts Built . | . . . . . . Authchips . | . . . . . . Time . | . . . . . . Total Part Build Rating . | . . . . . . Parts Repaired . | . . . . . . Time . | . . . . . . Parts Recycled . | . . . . . . Recycled Matter 23 | . 23 . . . . Retrieved Matter . | . . . . . . Retrieved Components . | . . . . . . Parts Scanalyzed 2 | . . . . 2 . Part Schematics Acquired 2 | . . . . 2 . Parts Damaged . | . . . . . . Bothacking | -11 -10 -9 -8 -7 -7 ------------ Run | Yrd Mat Mat Mat Fac Sto Used RIF Installer . | . . . . . . Robots Hacked . | . . . . . . Non-combat . | . . . . . . Combat . | . . . . . . Robot Hacks Applied . | . . . . . . Relay Couplers Released . | . . . . . . Fabnet Peak Effective % . | . . . . . . Robots Rewired . | . . . . . . Allies Hacked . | . . . . . . Hacks Repelled . | . . . . . . Allies | -11 -10 -9 -8 -7 -7 -------- Run | Yrd Mat Mat Mat Fac Sto Total Allies . | . . . . . . Largest Group . | . . . . . . Highest-Rated Group . | . . . . . . Highest-Rated Ally . | . . . . . . Total Orders . | . . . . . . Ally Attacks . | . . . . . . Total Damage . | . . . . . . Kills . | . . . . . . Allies Corrupted . | . . . . . . Allies Melted . | . . . . . . Intel | -11 -10 -9 -8 -7 -7 ------- Run | Yrd Mat Mat Mat Fac Sto Robot Analysis Total . | . . . . . . Derelict Logs Recovered . | . . . . . . Drone Launches . | . . . . . . Drone Recoveries . | . . . . . . Exploration | -11 -10 -9 -8 -7 -7 ------------- Run | Yrd Mat Mat Mat Fac Sto Turns Passed 2186 | 216 1126 450 81 132 181 Spaces Moved 1983 | 118 585 377 151 332 420 Core 36 | 10 . . . . 26 Treads 788 | 108 585 95 . . . Legs 35 | . . 27 . . 8 Wheels 25 | . . 25 . . . Hover . | . . . . . . Flight 1099 | . . 230 151 332 386 Fastest Speed 27 | 50 160 32 27 31 34 Average Speed 87 | 150 160 81 28 32 40 Slowest Speed 260 | 160 160 260 31 34 120 Overloaded Moves . | . . . . . . Propulsion Burnouts . | . . . . . . Robots Hopped 24 | . . 2 1 5 16 Cave-ins Triggered . | . . . . . . Exploration Rate (%) 33 | 5 48 34 25 14 76 Regions Visited 5 Branch Regions 1 Pre-discovered Areas . | . . . . . . Known Exits Taken . | . . . . . . Unknown Exits Taken 5 | 1 1 1 1 1 . Scrap Searched . | . . . . . . Spaces Dug . | . . . . . . Terrain Destroyed 144 | . 21 . 87 36 . Melee . | . . . . . . Projectile 1 | . 1 . . . . AOE 143 | . 20 . 87 36 . Terrain Rammed . | . . . . . . Walls Destroyed . | . . . . . . Machines Disabled . | . . . . . . Actions | -11 -10 -9 -8 -7 -7 --------- Run | Yrd Mat Mat Mat Fac Sto Total 2253 | 140 727 459 170 340 417 Wait 82 | . 67 3 5 3 4 Move 1933 | 117 584 372 148 322 390 Hop 21 | . . 2 1 4 14 Pick Up 42 | 9 17 8 2 3 3 Fast Attach 18 | 5 3 8 1 . 1 Attach 23 | 2 4 10 4 2 1 Detach 9 | . 6 2 . . 1 Swap 13 | . 8 4 1 . . Drop 26 | . 12 11 . . 3 Fire 86 | 7 26 39 8 6 . Melee . | . . . . . . Ram . | . . . . . . Kick . | . . . . . . Crush . | . . . . . . Escape Stasis . | . . . . . . Rewire . | . . . . . . Trap . | . . . . . . Miscellaneous . | . . . . . . Route ------- -11/Scrapyard -10/Materials (discovered 2 exits: *Mat / [*Min]) -9/Materials (discovered 2 exits: *Mat x2) -8/Materials -7/Factory -7/Storage (discovered 1 exit: Rec) History --------- Turn | Location | Event 11 | -11/Scrapyard | Discovered new exit (range 16) 217 | -11/Scrapyard | Entered Materials 316 | -10/Materials | Build established: Mutant 549 | -10/Materials | Discovered new exit (range 8) 680 | -10/Materials | Discovered new exit (range 16) 1343 | -10/Materials | Entered another Materials area 1343 | -9/Materials | Evolved 2 slots: Propulsion x1, Utility x1 1546 | -9/Materials | Core integrity fell below 50% 1591 | -9/Materials | Core integrity fell below 20% 1623 | -9/Materials | Lost 10 parts (2p4n2u2w) 1710 | -9/Materials | Discovered new exit (range 13) 1788 | -9/Materials | Discovered new exit (range 16) 1793 | -9/Materials | Entered another Materials area 1793 | -8/Materials | Evolved 2 slots: Propulsion x2 1852 | -8/Materials | Discovered new exit (range 16) 1874 | -8/Materials | Entered Factory 1874 | -7/Factory | Evolved 2 slots: Power x1, Utility x1 1883 | -7/Factory | Lost 4 parts (1p1n2u) 2005 | -7/Factory | Discovered new exit (range 4) 2006 | -7/Factory | Entered Storage 2090 | -7/Storage | Identified exit to Recycling 2130 | -7/Storage | Core integrity fell below 50% 2147 | -7/Storage | Lost 8 parts (3p2n2u1w) 2166 | -7/Storage | Core integrity fell below 20% 2187 | -7/Storage | Destroyed by S-27 Virus with Autogun Last Messages --------------- Map updated. 02096_ W-25 Informer sends out distress signal. 02100_ Dropped Sml. Storage Unit. 02102_ Triggered Ambush Trap. 02102_ S-27 Virus emerges from a hatch in the floor. 02102_ G-47 Trooper emerges from a hatch in the floor. 02102_ S-27 Virus emerges from a hatch in the floor. 02103_ ECM Suite destroyed. 02104_ Imp. Flight Unit destroyed. 02116_ Imp. Deuterium Engine destroyed. 02125_ O-16 Technician: "IFF HANDSHAKE FAILED. SECURING TERMINAL." [Achievement: Hunted] 02132_ ALERT: Hostiles spotted, dispatching reinforcements to Terminal S011. 02162_ Imp. Flight Unit destroyed. 02176_ Acquired Imp. Aluminum Leg. Map ----- +----------------------------------------------------+ | | | | | | | | | | | | | | | | | | | | | | | | | | | ?????????????????????????????????????????? | | ?????????????????????????????????????????? | | ?????????????????????????????????????????? | | ????????################################## | | ????????# | | ????????# | | ????????# | | ????????################+############+#### | | ?????????########## #????# | | ???????### # #????# """" | | ???????#"" ! # #????# "??" | | ???????#"" s # #????# "??" | | ???????#"T """@# #????# "??" | | ???????#"" """ # !! #????# "??" | | ???????#"" """ # !!! #????# """" | | ???????### """ # !!! #????# | | ?????????# """ ###########????# | | ?????????# #??????????????######### | | ??????Y??######;############???????#"""??? | | ?????? "####?# + #??????##"T"#?? | | ?????? ?# # """ #?????## ?? | | ??????"" """ # # """"??????????? ""? | | ??????"" """ # # "??????????????# """ | | ??????"" """ + + "??????????????# """ | | ??????"" """ # # "??????????????# | | ??????"" """ # # "??????????????# """ | | ?????? ?# # ??????????????# """ | | ?????? ?# ####?????????????# """ | | ?????######?## ##???????????????# | | ????????????# #??????????????######+## | | ????????????# #??????????????# | | ????????????# #??????????????# | | ????????????# #??????????????# | | ????????????# #??????????????######+## | | ????????????## ##???????????????# | | ?????????????# #?##?????????????# """" | | ?????????????# # #?????????????# "???" | +----------------------------------------------------+ Best States ------------- Heat Dissipation 34 Energy Generation 18 Energy Capacity 290 Matter Stores 300 Matter Capacity 300 Sight Range 16 Robot Scan Range 14 Terrain Scan Range 16 Terrain Scan Density 10 ECM Strength 1 Additional Mass Support 6 Armor Coverage 80 Evasion (%) 71 Recoil Reduction 3 Item Schematics ----------------- Lgt. Ion Engine | -7/Factory | Scanalyzed Imp. Flight Unit | -7/Factory | Scanalyzed Robot Schematics ------------------ None Fabricated ------------ Nothing Alien Tech Used ----------------- None Achievements -------------- Hunted Challenges ------------ None Game ------ Seed ThiefArmageddonActivator Manual? 0 Play Time 01:22:55 Cumulative 23.2 hours Start 2024.08.28 @ 14:08:37 End 2024.08.28 @ 17:54:41 Sessions 3 Manual Loads 0 Difficulty Rogue Special Mode None Game No. 29 Rogue 29 Adventurer 0 Explorer 0 Win Type - Total 0 Types 0/0/0/0/0/0/0/0/0 Lore% 7 Gallery% 24 Achievement% 21 Wizard Run 0 Options --------- Layout 1 ASCII 1 Keyboard 1 Movement Numpad Keybinds 0 Fullscreen 1 Font 24/Smallcaps Map View 50x35 Zoom Use 0% Tactical HUD 1 Map Filters NONE Filters NONE Steam 1 RUN: 0c53bd11-f588-4f93-bd58-92cf3df33d24